 Dungeon Crawl Stone Soup version 0.22.1-2-g9c5b331383 (webtiles) character file.

49242 mazyrok777 the Peltast (level 14, 0/127 HPs)
             Began as a Minotaur Fighter on Dec 21, 2018.
             Was the Champion of Okawaru.
             Succumbed to a sea snake's poison
             ... on level 2 of the Snake Pit.
             The game lasted 02:54:56 (18019 turns).

mazyrok777 the Peltast (Minotaur Fighter)          Turns: 18019, Time: 02:54:57

Health: 0/127      AC: 25    Str: 25    XL:     14   Next: 15%
Magic:  13/13      EV:  7    Int:  5    God:    Okawaru [******]
Gold:   1749       SH: 23    Dex: 11    Spells: 13/13 levels left

rFire    . . .     SeeInvis .   q - +7 flail (crush)
rCold    + . .     Gourm    .   g - +1 large shield
rNeg     . . .     Faith    .   h - +5 plate armour {rC+}
rPois    .         Spirit   .   (helmet restricted)
rElec    .         Reflect  .   (no cloak)
rCorr    .         Harm     .   (no gloves)
MR       +....                  A - +3 pair of boots of the Mackerel {+Blink}
Stlth    ..........             K - amulet of regeneration
HPRegen  0.71/turn              (no ring)
MPRegen  0.13/turn              (no ring)

@: lethally poisoned (0 -> -82)
A: retaliatory headbutt, horns 2
a: Heroism, Finesse, Renounce Religion, Evoke Blink


You were on level 2 of the Snake Pit.
You worshipped Okawaru.
Okawaru was exalted by your worship.
You were not hungry.

You visited 4 branches of the dungeon, and saw 20 of its levels.

You collected 1833 gold pieces.
You spent 84 gold pieces at shops.

Inventory:

Hand Weapons
 c - the +3 demon whip "Kagotoeg" {elec, Str+10, unknown}
   (Okawaru gifted it to you on level 1 of the Orcish Mines)

   Occasionally, upon striking a foe, it will discharge some electrical energy
   and cause terrible harm.
   It affects your strength (+10).
 n - a +2 executioner's axe of flaming
 q - a +7 flail of crushing (weapon)
 y - a +4 antimagic demon whip
Armour
 g - a +1 large shield (worn)
 h - a +5 plate armour of cold resistance (worn)
 s - a +3 plate armour
 A - the +3 pair of boots of the Mackerel (worn) {+Blink}
   (You found it on level 8 of the Dungeon)

   It lets you blink.
 E - a +0 pair of boots of flying
Jewellery
 p - the amulet "Ynyraxt" {Faith Dex+2, unknown}
   (You took it off a centaur on level 9 of the Dungeon)

   [amulet of faith]

   It allows you to gain divine favour quickly.
   It affects your dexterity (+2).
 u - an uncursed ring of see invisible
 K - an amulet of regeneration (around neck)
 M - an uncursed amulet of magic regeneration
 P - an uncursed ring of wizardry
 Q - an uncursed ring of wizardry
Wands
 v - a wand of polymorph (26)
 w - a wand of acid (8)
 z - a wand of enslavement (13)
 J - a wand of disintegration (14)
 N - a wand of scattershot (3)
 O - a wand of paralysis (35)
 S - a wand of random effects (27)
Scrolls
 e - 9 scrolls of remove curse
 j - 6 scrolls of magic mapping
 r - a scroll of identify
 t - 3 scrolls of fog
 x - a scroll of immolation
 D - a scroll of teleportation
 L - 2 scrolls of acquirement
Potions
 a - a potion of lignification {unknown}
 b - 3 potions of degeneration {unknown}
 d - a potion of might
 i - a potion of ambrosia {unknown}
 k - 4 potions of haste
 l - 2 potions of mutation
 m - 3 potions of berserk rage
 o - a potion of magic {unknown}
 B - 2 potions of brilliance {unknown}
 C - 3 potions of resistance
 F - a potion of agility {unknown}
 G - 2 potions of curing
 H - 3 potions of invisibility {unknown}
 I - 2 potions of flight {unknown}
Miscellaneous
 R - a lamp of fire
Comestibles
 f - 22 rations


   Skills:
 * Level 12.8 Fighting
 * Level 15.6 Maces & Flails
 * Level 12.1 Armour
 + Level 2.2 Dodging
 * Level 17.3 Shields
 + Level 0.2 Evocations


You had 13 spell levels left.
You didn't know any spells.
Your spell library contained the following spells:

 Spells                   Type           Power        Failure   Level  Hunger
 Corona                   Hex            #......      100%        1    ##.....
 Freeze                   Ice            #...         100%        1    ##.....
 Sandblast                Erth           #.....       100%        1    ##.....
 Passwall                 Tmut/Erth      #.......     100%        2    ###....
 Slow                     Hex            #.......     100%        2    ###....
 Throw Frost              Conj/Ice       #.....       100%        2    ###....
 Ignite Poison            Fire/Tmut/Pois #.......     100%        3    ####...
 Inner Flame              Hex/Fire       #.......     100%        3    ####...
 Ozocubu's Armour         Chrm/Ice       #.......     100%        3    ####...
 Portal Projectile        Hex/Tloc       #.....       100%        3    ####...
 Stone Arrow              Conj/Erth      #.....       100%        3    ####...
 Cause Fear               Hex            #.........   100%        4    #####..
 Leda's Liquefaction      Hex/Erth       #.........   100%        4    #####..
 Petrify                  Tmut/Erth      #.......     100%        4    #####..
 Summon Ice Beast         Ice/Summ       #.......     100%        4    #####..
 Throw Icicle             Conj/Ice       #.......     100%        4    #####..
 Lee's Rapid Deconstruct  Erth           #.........   100%        5    ######.
 Ignition                 Fire           #.........   100%        8    #######


Dungeon Overview and Level Annotations

Branches:
Dungeon (13/15)            Temple (0/1) D:6            Lair (3/6) D:8
  Swamp (0/4) Lair:2        Snake (2/4) Lair:3          Orc (2/2) D:10
    Elf (0/3) Orc:2
 Vaults: D:13-14

Altars:
Ashenzari
Gozag
Hepliaklqana
Kikubaaqudgha
Nemelex Xobeh
Okawaru
Ru
Beogh

Shops:
D:4 !   D:10 }   Orc:2 ([(:(


Innate Abilities, Weirdness & Mutations

You reflexively headbutt those who attack you in melee.
You have a pair of horns on your head.


Message History

Your headbutt misses the sea snake.
The sea snake is moderately wounded.
* * * LOW HITPOINT WARNING * * *
You feel very sick.
The sea snake bites you but does no damage.
* * * LOW HITPOINT WARNING * * *
You feel very sick. The sea snake bites you!
* * * LOW HITPOINT WARNING * * *
You are more poisoned.
The sea snake poisons you!
* * * LOW HITPOINT WARNING * * *
You feel extremely sick.
There is a stone staircase leading down here.
* * * LOW HITPOINT WARNING * * *
You feel extremely sick. The sea snake barely misses you.
You climb downwards.
A naga, a naga warrior and a shock serpent come into view.
You die...

.# #. ..#
#.# . #..#
#.. .#
#...#
#..#.#
#...#
....#
#N..##...#
#....S.#
#..@.#
#...##
#..S.##
#.N.##
#.... ....
... ..#


You could see a naga warrior (sleeping), a sea snake, a shock serpent (sleeping)
and a naga (sleeping).

Vanquished Creatures
  An orc warlord (Orc:1)
  Nessos (Orc:2)
  Azrael (Orc:2)
  The ghost of topfpfpflanze the Thaumaturge, a journeyman DEWz of Vehumet (Lair:2)
  A centaur warrior (D:13)
  A naga warrior (Snake:1)
  9 two-headed ogres (Orc:2)
  3 hydras
  2 ogre magi (Orc:2)
  A shock serpent (Snake:1)
  Nergalle (Lair:2)
  A naga sharpshooter (Snake:1)
  A sea snake (Snake:1)
  2 deep trolls (Orc:2)
  3 mana vipers (Snake:1)
  2 cyclopes (Orc:2)
  An orc sorcerer (Orc:1)
  A salamander (Snake:1)
  An ugly thing (D:11)
  Joseph (D:9)
  4 black mambas
  3 spiny frogs (Lair:2)
  4 komodo dragons
  2 rime drakes
  A queen bee (Lair:1)
  13 trolls
  A slime creature (Lair:3)
  3 blink frogs (Lair:1)
  7 hippogriffs
  A shadow (D:11)
  2 wraiths
  20 yaks
  2 basilisks (Lair:1)
  2 hungry ghosts
  4 fire elementals (Orc:2)
  Grum (D:9)
  3 wargs
  Edmund (D:4)
  10 nagas
  8 water moccasins
  7 porcupines
  Duvessa (D:5)
  A swamp drake (Lair:2)
  3 hell hounds (Orc:2)
  A sky beast (D:7)
  6 ice beasts
  20 orc warriors
  A phantom (D:10)
  3 black bears
  A necrophage (D:7)
  8 wolves
  7 centaurs
  22 ogres
  7 crocodiles
  4 bullfrogs
  Dowan (D:5)
  A scorpion (D:6)
  A wyvern skeleton (D:6)
  2 troll zombies (D:10)
  4 wights (D:6)
  30 killer bees
  3 howler monkeys
  2 electric eels (Snake:1)
  A bullfrog zombie (D:9)
  11 crimson imps
  2 quasits
  2 centaur skeletons
  8 hounds
  12 orc priests
  10 jellies
  19 orc wizards
  Natasha (thrice) (D:3 D:6)
  4 iguanas
  A bullfrog skeleton (D:11)
  8 worker ants
  2 killer bee zombies
  4 ogre zombies (D:10)
  A worker ant zombie (D:9)
  6 gnolls
  17 adders
  A river rat (D:6)
  5 shadow imps
  14 oozes
  2 worms
  An adder skeleton (D:6)
  3 dart slugs
  6 leopard geckos
  66 orcs
  8 bats
  A bat zombie (D:2)
  4 giant cockroaches
  6 goblins
  9 hobgoblins
  16 jackals
  9 quokkas
  A ball python (D:3)
  5 frilled lizards
  3 goblin skeletons (D:10)
  2 goblin zombies
  A hobgoblin skeleton (D:10)
  3 hobgoblin zombies (D:10)
  3 kobolds
  11 orc zombies (D:10)
  11 rats
  2 rat zombies
567 creatures vanquished.

Vanquished Creatures (others)
  6 fungi
  5 plants
11 creatures vanquished.

Grand Total: 578 creatures vanquished

Notes
Turn   | Place    | Note
-------+----------+-------------------------------------------
     0 | D:1      | mazyrok777 the Minotaur Fighter began the quest for the
                  | Orb.
     0 | D:1      | Reached XP level 1. HP: 19/19 MP: 0/0
   382 | D:1      | Reached XP level 2. HP: 27/27 MP: 1/1
   911 | D:2      | Reached skill level 4 in Shields
   957 | D:2      | Reached XP level 3. HP: 31/33 MP: 2/2
  1149 | D:2      | Found a sparkling altar of Nemelex Xobeh.
  1346 | D:2      | Found an ancient bone altar of Kikubaaqudgha.
  1409 | D:2      | Reached XP level 4. HP: 32/41 MP: 3/3
  1780 | D:2      | Found a hazy altar of Hepliaklqana.
  2087 | D:3      | Found an opulent altar of Gozag.
  2123 | D:3      | Reached XP level 5. HP: 36/47 MP: 4/4
  2220 | D:3      | Reached skill level 5 in Shields
  2350 | D:3      | Reached skill level 1 in Dodging
  2439 | D:3      | Noticed Natasha
  2463 | D:3      | Killed Natasha
  2906 | D:4      | Reached XP level 6. HP: 29/55 MP: 5/5
  3073 | D:4      | Found Reer Ene's Distillery.
  3075 | D:4      | Bought a potion of curing for 36 gold pieces
  3075 | D:4      | Bought a potion of might for 48 gold pieces
  3130 | D:4      | Found an iron altar of Okawaru.
  3133 | D:4      | Found a sacrificial altar of Ru.
  3137 | D:4      | Became a worshipper of Warmaster Okawaru
  3143 | D:4      | Found a shattered altar of Ashenzari.
  3355 | D:4      | Reached skill level 5 in Fighting
  3355 | D:4      | Reached skill level 5 in Maces & Flails
  3469 | D:4      | Noticed Edmund
  3488 | D:4      | Killed Edmund
  3488 | D:4      | Reached * piety under Okawaru
  3488 | D:4      | Reached skill level 5 in Armour
  3488 | D:4      | Reached skill level 6 in Shields
  3488 | D:4      | Reached XP level 7. HP: 53/61 MP: 6/6
  3775 | D:5      | Entered Level 5 of the Dungeon
  3776 | D:5      | Noticed Duvessa
  3776 | D:5      | Noticed Dowan
  3922 | D:5      | Killed Duvessa
  3924 | D:5      | Reached ** piety under Okawaru
  3942 | D:5      | Killed Dowan
  3942 | D:5      | Reached skill level 7 in Shields
  4211 | D:5      | Reached XP level 8. HP: 70/70 MP: 7/7
  4449 | D:6      | Found a staircase to the Ecumenical Temple.
  4570 | D:6      | Reached skill level 8 in Shields
  4853 | D:6      | Reached *** piety under Okawaru
  4976 | D:6      | Noticed Natasha
  4983 | D:6      | Killed Natasha
  5102 | D:6      | Noticed Natasha
  5108 | D:6      | Killed Natasha
  5238 | D:7      | Found a sand-covered staircase.
  5323 | D:7      | Reached XP level 9. HP: 78/78 MP: 8/8
  5473 | D:7      | Reached skill level 9 in Shields
  5895 | D:7      | Reached **** piety under Okawaru
  6239 | D:8      | Reached skill level 10 in Maces & Flails
  6256 | D:8      | Found a staircase to the Lair.
  6336 | D:8      | Paralysed by fainting for 8 turns
  6372 | D:8      | Got a pair of smoking boots
  6378 | D:8      | Identified the +3 pair of boots of the Mackerel {+Blink}
                  | (You found it on level 8 of the Dungeon)
  6875 | D:9      | Noticed Joseph
  6884 | D:9      | Killed Joseph
  6884 | D:9      | Reached skill level 10 in Shields
  7028 | D:9      | Identified Sif Muna's Grimoire of Flames
  7168 | D:9      | Received a gift from Okawaru
  7175 | D:9      | Reached XP level 10. HP: 75/86 MP: 9/9
  7186 | D:9      | Got a steaming ruby amulet
  7462 | D:9      | Reached ***** piety under Okawaru
  7515 | D:9      | Noticed Grum
  7548 | D:9      | Killed Grum
  8190 | D:10     | Entered Level 10 of the Dungeon
  8372 | D:10     | Received a gift from Okawaru
  8419 | D:10     | Reached skill level 11 in Shields
  8453 | D:10     | Found a staircase to the Orcish Mines.
  8932 | D:10     | Found Nyh Hov's Gadget Emporium.
  8971 | D:10     | You fall through a shaft for 3 floors!
  8971 | D:13     | Noticed a centaur warrior
  8995 | D:13     | Killed a centaur warrior
  9164 | D:12     | Reached XP level 11. HP: 92/95 MP: 10/10
  9617 | D:12     | Noticed an eight-headed hydra
  9708 | D:12     | Reached skill level 12 in Shields
  9992 | D:11     | Noticed a brown ugly thing
 10003 | D:11     | Killed a brown ugly thing
 10823 | Orc:1    | Entered Level 1 of the Orcish Mines
 10889 | Orc:1    | Found a roughly hewn altar of Beogh.
 11010 | Orc:1    | Received a gift from Okawaru
 11200 | Orc:1    | Noticed an orc sorcerer
 11210 | Orc:1    | Noticed an orc warlord
 11212 | Orc:1    | Killed an orc sorcerer
 11484 | Orc:1    | Reached skill level 13 in Shields
 11497 | Orc:1    | Killed an orc warlord
 11497 | Orc:1    | Reached skill level 10 in Fighting
 11868 | Orc:1    | Found a roughly hewn altar of Beogh.
 11874 | Orc:1    | Reached XP level 12. HP: 100/106 MP: 11/11
 12037 | Orc:2    | Entered Level 2 of the Orcish Mines
 12037 | Orc:2    | Found a staircase to the Elven Halls.
 12093 | Orc:2    | Received a gift from Okawaru
 12127 | Orc:2    | Got a smoking lajatang {god gift}
 12132 | Orc:2    | Noticed a two-headed ogre
 12144 | Orc:2    | Killed a two-headed ogre
 12162 | Orc:2    | Noticed Azrael
 12191 | Orc:2    | Killed Azrael
 12191 | Orc:2    | Reached skill level 10 in Armour
 12348 | Orc:2    | Found Leirph's Antique Armour Shop.
 12364 | Orc:2    | Noticed an ogre mage
 12371 | Orc:2    | Noticed a two-headed ogre
 12377 | Orc:2    | Noticed a two-headed ogre
 12384 | Orc:2    | Killed a two-headed ogre
 12384 | Orc:2    | Reached skill level 14 in Shields
 12437 | Orc:2    | Killed a two-headed ogre
 12626 | Orc:2    | Killed an ogre mage
 12761 | Orc:2    | Noticed a two-headed ogre
 12771 | Orc:2    | Killed a two-headed ogre
 12771 | Orc:2    | Received a gift from Okawaru
 12924 | Orc:2    | Noticed a two-headed ogre
 12936 | Orc:2    | Killed a two-headed ogre
 12936 | Orc:2    | Reached skill level 15 in Shields
 12994 | Orc:2    | Reached ****** piety under Okawaru
 13001 | Orc:2    | Noticed a two-headed ogre
 13003 | Orc:2    | Found Jibrogeq's Book Shop.
 13011 | Orc:2    | Killed a two-headed ogre
 13027 | Orc:2    | Noticed a two-headed ogre
 13039 | Orc:2    | Killed a two-headed ogre
 13078 | Orc:2    | Found Bieck's Antique Weapon Boutique.
 13079 | Orc:2    | Found Irokacay's Weapon Shop.
 13080 | Orc:2    | Found Kerhiefy's Weapon Shoppe.
 13084 | Orc:2    | Noticed a two-headed ogre
 13093 | Orc:2    | Noticed Nessos
 13094 | Orc:2    | Killed a two-headed ogre
 13094 | Orc:2    | Reached XP level 13. HP: 114/116 MP: 12/12
 13416 | Orc:2    | Killed Nessos
 13416 | Orc:2    | Received a gift from Okawaru
 14029 | Orc:1    | Got a shimmering demon whip {god gift}
 14211 | Lair:1   | Entered Level 1 of the Lair of Beasts
 14467 | Lair:1   | Received a gift from Okawaru
 14769 | Lair:1   | Reached skill level 16 in Shields
 15204 | Lair:1   | Reached skill level 15 in Maces & Flails
 15497 | Lair:2   | Noticed Nergalle
 15516 | Lair:2   | Killed Nergalle
 15716 | Lair:2   | Found a staircase to the Swamp.
 16145 | Lair:2   | Found a runed door.
 16149 | Lair:2   | Noticed topfpfpflanze's ghost (journeyman DEWz)
 16173 | Lair:2   | Killed topfpfpflanze's ghost
 16173 | Lair:2   | Received a gift from Okawaru
 16184 | Lair:2   | Identified 3 scrolls of acquirement
 17037 | Lair:3   | Reached skill level 17 in Shields
 17046 | Lair:3   | Found a staircase to the Snake Pit.
 17294 | Snake:1  | Entered Level 1 of the Snake Pit
 17533 | Snake:1  | Reached XP level 14. HP: 124/127 MP: 6/13
 18018 | Snake:1  | HP: 5/127 [poisoned by a sea snake]
 18019 | Snake:2  | Succumbed to a sea snake's poison

Skill      XL: |  1  2  3  4  5  6  7  8  9 10 11 12 13 14 |
---------------+-------------------------------------------+-----
Fighting       | 4 5 6 7 8 10 11 12 | 12.8
Armour         | 4 5 6 7 8 9 11 12 | 12.1
Shields        | 4 5 6 7 8 10 11 13 15 17 | 17.3
Maces & Flails | 3 4 5 6 8 11 12 14 15 | 15.6
Dodging        | 1 2 |  2.2
Evocations     | |  0.2

Action                   |  1- 3 |  4- 6 |  7- 9 | 10-12 | 13-15 || total
-------------------------+-------+-------+-------+-------+-------++-------
Melee: Flail             |   107 |   210 |   333 |   686 |   541 ||  1877
       Headbutt          |    12 |    36 |    36 |   155 |   102 ||   341
Evoke: Wand              |       |       |     2 |     3 |       ||     5
  Use: Scroll            |       |       |    11 |    11 |     6 ||    28
       Potion            |       |       |     4 |     8 |       ||    12
  Eat: Chunk             |     2 |     7 |    14 |     6 |     3 ||    32
       Ration            |       |       |       |     4 |     4 ||     8
Armor: Scale mail        |    40 |    26 |       |       |       ||    66
       Chain mail        |       |    31 |       |       |       ||    31
       Plate armour      |       |     3 |   136 |   196 |   182 ||   517
Dodge: Dodged            |    14 |    32 |    43 |    71 |    95 ||   255
Block: Large shield      |    78 |   148 |   305 |   594 |   516 ||  1641
